[Event "Cellavision Cup 2018"]
[Site "Lund"]
[Date "2018.08.03"]
[Round "1"]
[White "Hansen, Sune Berg"]
[Black "Dahlstrom, Rickard"]
[Result "1-0"]
[ECO "A11"]
[WhiteElo "2589"]
[BlackElo "1990"]
[Annotator "ChessBase"]
[PlyCount "71"]
[EventDate "2018.08.03"]
[EventType "swiss"]
[EventCountry "SWE"]
[SourceTitle "playchess.com"]
[Source "ChessBase"]
[SourceQuality "1"]
[TimeControl "900+5"]

1. c4 c6 2. Nf3 d5 3. e3 Nf6 4. Nc3 a6 5. Qc2 g6 6. d4 Bg7 7. Bd3 O-O 8. O-O Nbd7 9. Rd1 Qc7 10. Bd2 e5 11. cxd5 cxd5 12. Rac1 Qd6 13. dxe5 Nxe5 14. Nxe5 Qxe5 15. h3 Be6 16. Ne2 Rac8 17. Bc3 Qg5 18. Nf4 Bd7 19. Qb3 Bc6 20. Bd4 Ne4 21. Qb4 Rfd8 22. Bxg7 Kxg7 23. Qd4+ Kg8 24. Be2 Qe7 25. Bg4 Rb8 26. Rc2 Rd6 27. Qb4 Rbd8 28. Ne2 h5 29. Bf3 Ng5 30. Nd4 Nxf3+ 31. Nxf3 b5 32. Qd4 Bb7 33. Rdc1 Re6 34. Rc7 Rd7 35. Rxb7 Rxb7 36. Rc8+ 1-0

[Event "Cellavision Cup 2018"]
[Site "Lund"]
[Date "2018.08.03"]
[Round "1"]
[White "Hector, Jonny"]
[Black "Larsson, Per-Olov"]
[Result "1-0"]
[ECO "B94"]
[WhiteElo "2491"]
[BlackElo "1959"]
[Annotator "ChessBase"]
[PlyCount "77"]
[EventDate "2018.08.03"]
[EventType "swiss"]
[EventCountry "SWE"]
[SourceTitle "playchess.com"]
[Source "ChessBase"]
[SourceQuality "1"]
[TimeControl "900+5"]

1. e4 c5 2. Nf3 d6 3. d4 cxd4 4. Nxd4 Nf6 5. Nc3 a6 6. Bg5 Nbd7 7. f4 Qc7 8. Qf3 h6 9. Bxf6 Nxf6 10. f5 Qc5 11. Nb3 Qe5 12. Nd2 b5 13. a4 b4 14. Nc4 Qc5 15. Nd5 Nxd5 16. exd5 Bb7 17. O-O-O Rc8 18. Be2 Rc7 19. Qe4 Kd8 20. b3 e6 21. fxe6 fxe6 22. Qxe6 Re7 23. Nxd6 Rxe6 24. Nxb7+ Kc7 25. Nxc5 Rxe2 26. Ne6+ Kd6 27. Rhf1 Be7 28. Nxg7 Bg5+ 29. Kb1 Rc8 30. Nf5+ Ke5 31. Nd4 Rxg2 32. Nc6+ Kd6 33. Nxb4 Rxh2 34. Rfe1 a5 35. Re6+ Kd7 36. Nc6 Rf2 37. Rg6 Rh2 38. Ne5+ Ke7 39. d6+ 1-0

[Event "Cellavision Cup 2018"]
[Site "Lund"]
[Date "2018.08.03"]
[Round "1"]
[White "Cramling, Pia"]
[Black "Sjodahl, Olof"]
[Result "1-0"]
[ECO "A38"]
[WhiteElo "2453"]
[BlackElo "1928"]
[Annotator "ChessBase"]
[PlyCount "83"]
[EventDate "2018.08.03"]
[EventType "swiss"]
[EventCountry "SWE"]
[SourceTitle "playchess.com"]
[Source "ChessBase"]
[SourceQuality "1"]
[TimeControl "900+5"]

1. Nf3 Nf6 2. c4 c5 3. Nc3 Nc6 4. g3 g6 5. Bg2 Bg7 6. d4 cxd4 7. Nxd4 O-O 8. O-O Ne8 9. e3 Nxd4 10. exd4 d6 11. Bg5 h6 12. Be3 Nc7 13. Qd2 Kh7 14. Rad1 Rb8 15. d5 a6 16. Bb6 Qd7 17. Rfe1 Na8 18. Ba7 Qc7 19. Bxb8 Qxb8 20. Rxe7 b5 21. cxb5 axb5 22. Rde1 b4 23. Nd1 Nc7 24. Qf4 Bf5 25. Qxd6 Nb5 26. Qxb8 Rxb8 27. Rxf7 Nd6 28. Rfe7 Kg8 29. h3 Bf6 30. Ra7 Bd4 31. Ra6 Nc4 32. d6 Rd8 33. Bd5+ Kg7 34. Bxc4 h5 35. Be6 Bd3 36. Rc6 g5 37. d7 h4 38. gxh4 gxh4 39. Rc8 Bb6 40. Ne3 Kf8 41. Nd5 Ba5 42. Re3 1-0

[Event "Cellavision Cup 2018"]
[Site "Lund"]
[Date "2018.08.03"]
[Round "1"]
[White "Joensson, Jacob"]
[Black "Urkedal, Frode Olav Olsen"]
[Result "0-1"]
[ECO "E43"]
[WhiteElo "1976"]
[BlackElo "2537"]
[Annotator "ChessBase"]
[PlyCount "70"]
[EventDate "2018.08.03"]
[EventType "swiss"]
[EventCountry "SWE"]
[SourceTitle "playchess.com"]
[Source "ChessBase"]
[SourceQuality "1"]
[TimeControl "900+5"]

1. d4 Nf6 2. c4 e6 3. Nc3 Bb4 4. e3 b6 5. Bd3 Bb7 6. Nf3 O-O 7. O-O d5 8. Qe2 Nbd7 9. Bd2 c5 10. a3 Bxc3 11. Bxc3 dxc4 12. Bxc4 Qc7 13. Rac1 Ne4 14. Ba6 Bxa6 15. Qxa6 Rac8 16. Qd3 Qb7 17. Rfd1 c4 18. Qe2 b5 19. Bb4 Rfe8 20. Nd2 f5 21. f3 Nxd2 22. Qxd2 Nf6 23. Bd6 Qd5 24. Be5 Nd7 25. Bf4 h6 26. Qa5 Qb7 27. a4 b4 28. d5 Rc5 29. Qxc5 Nxc5 30. Rxc4 e5 31. Bg3 Nxa4 32. Rd2 Rc8 33. Rxc8+ Qxc8 34. Kf2 Qc1 35. Re2 Nxb2 0-1

[Event "Cellavision Cup 2018"]
[Site "Lund"]
[Date "2018.08.03"]
[Round "2"]
[White "Shirov, Alexei"]
[Black "Lindgren, Mats"]
[Result "1-0"]
[ECO "C19"]
[WhiteElo "2631"]
[BlackElo "2170"]
[Annotator "ChessBase"]
[PlyCount "56"]
[EventDate "2018.08.03"]
[EventType "swiss"]
[EventCountry "SWE"]
[SourceTitle "playchess.com"]
[Source "ChessBase"]
[SourceQuality "1"]
[TimeControl "900+5"]

1. d4 e6 2. e4 d5 3. Nc3 Bb4 4. e5 c5 5. a3 Bxc3+ 6. bxc3 Ne7 7. Nf3 Bd7 8. h4 Qa5 9. Bd2 Nbc6 10. h5 h6 11. a4 f6 12. exf6 gxf6 13. Bb5 O-O-O 14. O-O Qc7 15. dxc5 e5 16. Nh4 Rdg8 17. Qf3 f5 18. Rfe1 e4 19. Qf4 Rg4 20. Qxc7+ Kxc7 21. g3 Rhg8 22. Kh2 Ne5 23. Be2 f4 24. Bxf4 Rxf4 25. gxf4 Ng4+ 26. Bxg4 Rxg4 27. Ng2 Nf5 28. Ne3 Rxf4 1-0

[Event "Cellavision Cup 2018"]
[Site "Lund"]
[Date "2018.08.03"]
[Round "2"]
[White "Sumets, Andrey"]
[Black "Subramanian, Aditya"]
[Result "1-0"]
[ECO "C80"]
[WhiteElo "2575"]
[BlackElo "2151"]
[Annotator "ChessBase"]
[PlyCount "57"]
[EventDate "2018.08.03"]
[EventType "swiss"]
[EventCountry "SWE"]
[SourceTitle "playchess.com"]
[Source "ChessBase"]
[SourceQuality "1"]
[TimeControl "900+5"]

1. e4 e5 2. Nf3 Nc6 3. Bb5 a6 4. Ba4 Nf6 5. O-O Nxe4 6. d4 b5 7. Bb3 d5 8. dxe5 Be6 9. Nbd2 Be7 10. c3 O-O 11. Nxe4 dxe4 12. Bxe6 Qxd1 13. Rxd1 fxe6 14. Nd4 Nxe5 15. Nxe6 Rf7 16. Nxc7 Rc8 17. Nxa6 Nd3 18. Be3 Rf6 19. Nb4 Bxb4 20. cxb4 Rc2 21. a4 bxa4 22. Rxa4 Nxf2 23. Rd8+ Kf7 24. Ra7+ Kg6 25. Rdd7 Kf5 26. Rxg7 Nd1 27. Ra5+ Ke6 28. Ra6+ Kf5 29. Rg5# 1-0

[Event "Cellavision Cup 2018"]
[Site "Lund"]
[Date "2018.08.03"]
[Round "2"]
[White "Urkedal, Frode Olav Olsen"]
[Black "Persson, Richard"]
[Result "1-0"]
[ECO "D31"]
[WhiteElo "2537"]
[BlackElo "2146"]
[Annotator "ChessBase"]
[PlyCount "84"]
[EventDate "2018.08.03"]
[EventType "swiss"]
[EventCountry "SWE"]
[SourceTitle "playchess.com"]
[Source "ChessBase"]
[SourceQuality "1"]
[TimeControl "900+5"]

1. d4 d5 2. c4 e6 3. Nc3 c6 4. e4 dxe4 5. Nxe4 Nf6 6. Nxf6+ Qxf6 7. Nf3 Bb4+ 8. Bd2 Bxd2+ 9. Qxd2 Nd7 10. Be2 O-O 11. O-O e5 12. Rfd1 exd4 13. Nxd4 Re8 14. b4 Ne5 15. h3 Bd7 16. Nb3 Rad8 17. Qc3 Ng4 18. Qxf6 Nxf6 19. Bf3 Be6 20. Na5 Rxd1+ 21. Rxd1 b6 22. Nxc6 Bxc4 23. a3 a6 24. g4 h6 25. Rd4 Bb5 26. h4 Bxc6 27. Bxc6 Re1+ 28. Kg2 g5 29. hxg5 hxg5 30. Bf3 Ra1 31. Rd6 Kg7 32. Rxb6 Rxa3 33. Bb7 a5 34. b5 Nxg4 35. Bc8 Nf6 36. Ra6 Ra2 37. b6 Ne4 38. b7 Rxf2+ 39. Kg1 Rb2 40. Ra8 f5 41. b8=Q Rxb8 42. Rxb8 f4 1-0

[Event "Cellavision Cup 2018"]
[Site "Lund"]
[Date "2018.08.03"]
[Round "2"]
[White "Maiorov, Nikita"]
[Black "Carlsson, Ludvig"]
[Result "1-0"]
[ECO "A56"]
[WhiteElo "2504"]
[BlackElo "2118"]
[Annotator "ChessBase"]
[PlyCount "55"]
[EventDate "2018.08.03"]
[EventType "swiss"]
[EventCountry "SWE"]
[SourceTitle "playchess.com"]
[Source "ChessBase"]
[SourceQuality "1"]
[TimeControl "900+5"]

1. d4 Nf6 2. c4 c5 3. d5 g6 4. Nc3 Bg7 5. g3 O-O 6. Bg2 d6 7. Nf3 e6 8. O-O Na6 9. dxe6 fxe6 10. Bg5 Qb6 11. Qd2 Qb4 12. Rac1 Qxc4 13. b3 Qg4 14. Qxd6 Ne8 15. Qd2 e5 16. Be3 Rb8 17. Ng5 Kh8 18. Nce4 b6 19. Bh3 Qh5 20. Bxc8 Rxc8 21. f3 Nf6 22. Nxf6 Bxf6 23. Ne4 Rfd8 24. Qb2 Qf5 25. Rcd1 Qe6 26. Qa3 b5 27. Qa5 Nb4 28. Nxc5 1-0

[Event "Cellavision Cup 2018"]
[Site "Lund"]
[Date "2018.08.03"]
[Round "2"]
[White "Himanshu, Sharma"]
[Black "Harren, Mats"]
[Result "0-1"]
[ECO "C68"]
[WhiteElo "2436"]
[BlackElo "2098"]
[Annotator "NA RC"]
[PlyCount "129"]
[EventDate "2018.08.03"]
[EventType "swiss"]
[EventCountry "SWE"]
[SourceTitle "playchess.com"]
[Source "ChessBase"]
[SourceQuality "1"]
[TimeControl "900+5"]

1. e4 e5 2. Nf3 Nc6 3. Bb5 a6 4. Bxc6 dxc6 5. O-O Bg4 6. h3 h5 7. d3 Qf6 8. Be3 Bxf3 9. Qxf3 Qxf3 10. gxf3 f6 11. f4 exf4 12. Bxf4 Bd6 13. Be3 Ne7 14. f4 c5 15. Nd2 Nc6 16. Kf2 Kf7 17. Ke2 Be7 18. f5 Rhg8 19. Nf3 Bd6 20. Nh4 Rae8 21. Ng6 c4 22. a3 cxd3+ 23. cxd3 Rd8 24. d4 Rge8 25. Kf3 Na5 26. Rac1 b5 27. d5 Nc4 28. b3 Nxa3 29. Bf4 Bxf4 30. Nxf4 Rd7 31. Rc6 b4 32. Rxa6 Nb5 33. Ne6 Rd6 34. Nxc7 Rxa6 35. Nxa6 Nd4+ 36. Kf4 Nxb3 37. Rd1 Na5 38. Nxb4 Nc4 39. Rd4 Nd6 40. Nd3 g5+ 41. fxg6+ Kxg6 42. Ra4 Re7 43. Nc5 Nf7 44. Ra6 Rc7 45. Rc6 Ra7 46. h4 Ne5 47. Nb3 Ra3 48. Rc3 Ra4 49. Nd2 Rd4 50. Nf3 Nxf3 51. Kxf3 f5 52. Rc6+ Kf7 53. exf5 Rxd5 54. Kf4 Kg7 55. Kg5 Rd2 56. Rc7+ Kg8 57. Kxh5 Rg2 58. Kh6 Rg4 59. h5 Rg2 60. f6 Rf2 61. Rg7+ Kh8 62. Rg6 Rg2 63. Rg5 Rg1 64. Kg6 Rf1 65. f7 0-1

[Event "Cellavision Cup 2018"]
[Site "Lund"]
[Date "2018.08.03"]
[Round "2"]
[White "Svensson, Bo Anders"]
[Black "Hansen, Torbjorn Ringdal"]
[Result "0-1"]
[ECO "B15"]
[WhiteElo "2209"]
[BlackElo "2422"]
[Annotator "NA"]
[PlyCount "40"]
[EventDate "2018.08.03"]
[EventType "swiss"]
[EventCountry "SWE"]
[SourceTitle "playchess.com"]
[Source "ChessBase"]
[SourceQuality "1"]
[TimeControl "900+5"]

1. e4 c6 2. d4 d5 3. Nc3 dxe4 4. Nxe4 Nf6 5. Nxf6+ exf6 6. Nf3 Bd6 7. Be2 O-O 8. O-O Re8 9. h3 Nd7 10. c4 Nf8 11. Be3 Be6 12. Qd2 Qd7 13. Rad1 Rad8 14. Rfe1 Bxh3 15. gxh3 Qxh3 16. Bf4 Re4 17. Bxd6 Rxd6 18. Nh2 Rh4 19. Bf3 f5 20. Re8 Rg6+ 0-1

[Event "Cellavision Cup 2018"]
[Site "Lund"]
[Date "2018.08.03"]
[Round "2"]
[White "Hansson, Fredrik"]
[Black "Grandelius, Nils"]
[Result "0-1"]
[ECO "B22"]
[WhiteElo "2181"]
[BlackElo "2658"]
[Annotator "ChessBase"]
[PlyCount "60"]
[EventDate "2018.08.03"]
[EventType "swiss"]
[EventCountry "SWE"]
[SourceTitle "playchess.com"]
[Source "ChessBase"]
[SourceQuality "1"]
[TimeControl "900+5"]

1. e4 c5 2. c3 Nf6 3. e5 Nd5 4. d4 cxd4 5. cxd4 e6 6. Nf3 b6 7. Bd3 Bb7 8. O-O Be7 9. Nc3 Nxc3 10. bxc3 Qc7 11. c4 d6 12. exd6 Bxd6 13. h3 Nd7 14. Qe2 O-O 15. Bb2 Rfe8 16. Rfe1 Bb4 17. Red1 Rac8 18. Rac1 Qf4 19. Qe3 Bd6 20. Qxf4 Bxf4 21. Rc2 Red8 22. Bc1 Bxf3 23. gxf3 Bxc1 24. Rcxc1 Kf8 25. Kf1 Nf6 26. Be4 Nh5 27. h4 Nf4 28. d5 f5 29. Bb1 g6 30. dxe6 Ke7 0-1

[Event "Cellavision Cup 2018"]
[Site "Lund"]
[Date "2018.08.03"]
[Round "2"]
[White "Ivarsson, Torbjorn"]
[Black "Hansen, Sune Berg"]
[Result "0-1"]
[ECO "A45"]
[WhiteElo "2156"]
[BlackElo "2589"]
[Annotator "ChessBase"]
[PlyCount "100"]
[EventDate "2018.08.03"]
[EventType "swiss"]
[EventCountry "SWE"]
[SourceTitle "playchess.com"]
[Source "ChessBase"]
[SourceQuality "1"]
[TimeControl "900+5"]

1. d4 Nf6 2. Bf4 d5 3. e3 e6 4. c3 Bd6 5. Bg3 Ne4 6. Bxd6 cxd6 7. Nd2 O-O 8. Nxe4 dxe4 9. f3 exf3 10. Nxf3 Qe7 11. Be2 Nd7 12. O-O Nf6 13. Nd2 Bd7 14. Qe1 Bc6 15. Bf3 e5 16. Qg3 Qe6 17. Rae1 Rae8 18. b3 Bxf3 19. gxf3 Nd5 20. c4 Nb4 21. dxe5 dxe5 22. Ne4 f5 23. Nc3 Rf6 24. Kh1 Rg6 25. Qh3 Rh6 26. Qg2 e4 27. fxe4 fxe4 28. Rd1 Rg6 29. Qf2 Rf6 30. Qg2 Rg6 31. Qf2 Nd3 32. Qf5 h6 33. Qxe6+ Rexe6 34. Nxe4 Nb4 35. Ng3 Rxe3 36. Rd8+ Kh7 37. Rd7 Nxa2 38. Rff7 Rxb3 39. Rxb7 Rxb7 40. Rxb7 a6 41. c5 Nc3 42. Nf5 Rg5 43. Rf7 Kg6 44. Nd6 Rxc5 45. Ra7 Re5 46. Rxa6 Re6 47. Rb6 Nd5 48. Rc6 Kh5 49. Kg2 g5 50. Kg3 Nf6 0-1

[Event "Cellavision Cup 2018"]
[Site "Lund"]
[Date "2018.08.03"]
[Round "2"]
[White "Nordebrink, Johan"]
[Black "Hillarp Persson, Tiger"]
[Result "0-1"]
[ECO "A10"]
[WhiteElo "2146"]
[BlackElo "2542"]
[Annotator "ChessBase"]
[PlyCount "48"]
[EventDate "2018.08.03"]
[EventType "swiss"]
[EventCountry "SWE"]
[SourceTitle "playchess.com"]
[Source "ChessBase"]
[SourceQuality "1"]
[TimeControl "900+5"]

1. c4 g6 2. Nf3 Bg7 3. e3 d6 4. Be2 e5 5. Nc3 f5 6. d4 e4 7. Nd2 Nf6 8. Qc2 Nc6 9. a3 Ne7 10. b4 c6 11. Bb2 d5 12. b5 O-O 13. a4 g5 14. h4 gxh4 15. Rxh4 Ng6 16. Rh2 f4 17. O-O-O fxe3 18. fxe3 Ng4 19. Bxg4 Bxg4 20. Rdh1 h5 21. Qb3 Rf5 22. cxd5 cxd5 23. Ncxe4 a6 24. Ng3 Qc7+ 0-1

[Event "Cellavision Cup 2018"]
[Site "Lund"]
[Date "2018.08.03"]
[Round "2"]
[White "Ask, Josef"]
[Black "Sivuk, Vitaly"]
[Result "0-1"]
[ECO "B21"]
[WhiteElo "2144"]
[BlackElo "2535"]
[Annotator "ChessBase"]
[PlyCount "66"]
[EventDate "2018.08.03"]
[EventType "swiss"]
[EventCountry "SWE"]
[SourceTitle "playchess.com"]
[Source "ChessBase"]
[SourceQuality "1"]
[TimeControl "900+5"]

1. e4 c5 2. d4 cxd4 3. c3 Nf6 4. e5 Nd5 5. Qxd4 e6 6. Nf3 Nc6 7. Qe4 f5 8. Qe2 b5 9. g3 a5 10. Nh4 g6 11. Bg2 Qc7 12. Nxf5 gxf5 13. Qh5+ Kd8 14. O-O Qxe5 15. Rd1 Nce7 16. Bg5 Bb7 17. Na3 h6 18. Bh4 Bc6 19. c4 bxc4 20. Nxc4 Qg7 21. Qf3 Kc7 22. Rac1 Ng6 23. Ne3 Nxh4 24. Nxd5+ Kd8 25. gxh4 exd5 26. Kh1 Rg8 27. Bh3 Qf6 28. Rxd5 Rc8 29. Rcd1 Rg7 30. Bxf5 Bd6 31. Qe4 Bxd5 32. Qxd5 Qe5 33. Qxd6 Qxd6 0-1

[Event "Cellavision Cup 2018"]
[Site "Lund"]
[Date "2018.08.03"]
[Round "2"]
[White "Fransson, Patrick"]
[Black "Hector, Jonny"]
[Result "0-1"]
[ECO "D00"]
[WhiteElo "2124"]
[BlackElo "2491"]
[Annotator "ChessBase"]
[PlyCount "64"]
[EventDate "2018.08.03"]
[EventType "swiss"]
[EventCountry "SWE"]
[SourceTitle "playchess.com"]
[Source "ChessBase"]
[SourceQuality "1"]
[TimeControl "900+5"]

1. d4 d5 2. Bg5 f6 3. Bf4 Nc6 4. Nf3 Bg4 5. h3 Bh5 6. g4 Bf7 7. e3 h5 8. Rg1 hxg4 9. hxg4 e6 10. Nbd2 Bd6 11. Bxd6 Qxd6 12. c4 Nge7 13. c5 Qd7 14. Bb5 a6 15. Ba4 b5 16. cxb6 cxb6 17. Rc1 b5 18. Bc2 e5 19. Nb3 e4 20. Nfd2 Qd6 21. Qe2 f5 22. gxf5 Bh5 23. Qf1 Nxf5 24. Nxe4 dxe4 25. Bxe4 Nfe7 26. Rxg7 Rc8 27. Nc5 Nxd4 28. Qd3 Rxc5 29. Rc3 Rxc3 30. bxc3 Nf3+ 31. Kf1 Nd2+ 32. Kg2 Bf3+ 0-1

[Event "Cellavision Cup 2018"]
[Site "Lund"]
[Date "2018.08.03"]
[Round "2"]
[White "Skjoldager, Per"]
[Black "Gritsak, Orest"]
[Result "0-1"]
[ECO "B22"]
[WhiteElo "2104"]
[BlackElo "2464"]
[Annotator "ChessBase"]
[PlyCount "68"]
[EventDate "2018.08.03"]
[EventType "swiss"]
[EventCountry "SWE"]
[SourceTitle "playchess.com"]
[Source "ChessBase"]
[SourceQuality "1"]
[TimeControl "900+5"]

1. e4 c5 2. c3 d5 3. exd5 Qxd5 4. d4 Nf6 5. Nf3 e6 6. Na3 Nc6 7. Nb5 Qd8 8. Bf4 Nd5 9. Bg3 a6 10. Na3 cxd4 11. Nxd4 Bxa3 12. Nxc6 Qb6 13. bxa3 Qxc6 14. c4 Nc3 15. Qd4 Qe4+ 16. Qxe4 Nxe4 17. Be5 f6 18. Bb2 e5 19. g3 Bf5 20. Bg2 O-O-O 21. O-O Nd2 22. Rfc1 Be4 23. Bxe4 Nxe4 24. Rc2 Rd2 25. Rac1 Rhd8 26. Kg2 Nxf2 27. Bc3 Rxc2 28. Rxc2 Nd3 29. Ba5 b6 30. Bc3 Kc7 31. a4 a5 32. c5 Kb7 33. cxb6 Rc8 34. Kf1 Nb4 0-1

[Event "Cellavision Cup 2018"]
[Site "Lund"]
[Date "2018.08.03"]
[Round "2"]
[White "Mejvik, Jacob"]
[Black "Cramling, Pia"]
[Result "0-1"]
[ECO "E04"]
[WhiteElo "2103"]
[BlackElo "2453"]
[Annotator "ChessBase"]
[PlyCount "74"]
[EventDate "2018.08.03"]
[EventType "swiss"]
[EventCountry "SWE"]
[SourceTitle "playchess.com"]
[Source "ChessBase"]
[SourceQuality "1"]
[TimeControl "900+5"]

1. Nf3 d5 2. d4 Nf6 3. c4 e6 4. g3 dxc4 5. Bg2 a6 6. O-O Nc6 7. e3 Rb8 8. Nfd2 Bd7 9. Nxc4 b5 10. Ne5 Nxe5 11. dxe5 Nd5 12. Bxd5 exd5 13. Qxd5 Bh3 14. Rd1 Qxd5 15. Rxd5 Be7 16. Nc3 O-O 17. a3 c6 18. Rd1 Rbd8 19. Rxd8 Rxd8 20. e4 Bc5 21. Bf4 h6 22. b4 Bd4 23. Rd1 Rd7 24. Nd5 Bb2 25. Ne3 Bxa3 26. Rxd7 Bxd7 27. Nc2 Bb2 28. h4 Be6 29. Ne1 Bc4 30. Nf3 Be2 31. e6 f6 32. Kg2 Bd3 33. e5 f5 34. Be3 Be4 35. Bc5 g5 36. e7 Kf7 37. e6+ Ke8 0-1

[Event "Cellavision Cup 2018"]
[Site "Lund"]
[Date "2018.08.03"]
[Round "2"]
[White "Gillefalk, Bjorn"]
[Black "Ahlander, Bjorn"]
[Result "0-1"]
[ECO "E10"]
[WhiteElo "2097"]
[BlackElo "2433"]
[Annotator "NA"]
[PlyCount "50"]
[EventDate "2018.08.03"]
[EventType "swiss"]
[EventCountry "SWE"]
[SourceTitle "playchess.com"]
[Source "ChessBase"]
[SourceQuality "1"]
[TimeControl "900+5"]

1. d4 Nf6 2. c4 e6 3. Nf3 d5 4. g3 Bb4+ 5. Bd2 Be7 6. Bg2 O-O 7. O-O c6 8. Bf4 Nbd7 9. Qc2 b6 10. Nbd2 Nh5 11. Be3 Ba6 12. g4 Nhf6 13. h3 Rc8 14. Qa4 Nb8 15. Ne5 b5 16. cxb5 Bxb5 17. Qd1 Nfd7 18. Ndf3 f6 19. Nxd7 Nxd7 20. Bf4 e5 21. dxe5 fxe5 22. Nxe5 Rxf4 23. Bxd5+ Kf8 24. Qd2 Bg5 25. e3 Nxe5 0-1

[Event "Cellavision Cup 2018"]
[Site "Lund"]
[Date "2018.08.03"]
[Round "3"]
[White "Hansen, Sune Berg"]
[Black "Seo, Jung Min"]
[Result "1/2-1/2"]
[ECO "D00"]
[WhiteElo "2589"]
[BlackElo "2356"]
[Annotator "ChessBase"]
[PlyCount "115"]
[EventDate "2018.08.03"]
[EventType "swiss"]
[EventCountry "SWE"]
[SourceTitle "playchess.com"]
[Source "ChessBase"]
[SourceQuality "1"]
[TimeControl "900+5"]

1. d4 d5 2. Bf4 Nf6 3. e3 e6 4. Nd2 c5 5. c3 Nc6 6. Ngf3 Bd6 7. Bg3 O-O 8. Bb5 Qe7 9. O-O Bxg3 10. hxg3 Bd7 11. a4 a6 12. Bxc6 Bxc6 13. Ne5 Nd7 14. Nd3 e5 15. Re1 Rad8 16. Qh5 f5 17. a5 Bb5 18. Nxe5 Nxe5 19. dxe5 Qxe5 20. Nf3 Qf6 21. Rac1 Rc8 22. Rcd1 Rcd8 23. Rd2 Bc6 24. Rc1 g6 25. Qh6 Rfe8 26. b4 c4 27. Rd4 Qg7 28. Qh4 Rd7 29. Rcd1 Rde7 30. Qh3 Re4 31. Ng5 Rxd4 32. Rxd4 h6 33. Nf3 Re4 34. Rxe4 dxe4 35. Nd4 Bd7 36. Qh4 g5 37. Qh5 Qf6 38. Qe2 Qf7 39. Qd1 Qd5 40. Kf1 Kf7 41. Ke1 Kg8 42. Qc2 Kg7 43. Qd1 Kg8 44. Kd2 Kg7 45. Kc1 Kg8 46. Qh5 Kg7 47. Kb2 Qe5 48. Ka3 Qd5 49. Qd1 Kg8 50. Kb2 Kf7 51. Kc1 Kg8 52. Nc2 Qxd1+ 53. Kxd1 Ba4 54. Kc1 Bxc2 55. Kxc2 Kf7 56. Kb2 Ke6 57. Ka3 Kd5 58. Kb2 1/2-1/2

[Event "Cellavision Cup 2018"]
[Site "Lund"]
[Date "2018.08.03"]
[Round "3"]
[White "Sivuk, Vitaly"]
[Black "Dragicevic, Drazen"]
[Result "1-0"]
[ECO "A05"]
[WhiteElo "2535"]
[BlackElo "2339"]
[Annotator "ChessBase"]
[PlyCount "83"]
[EventDate "2018.08.03"]
[EventType "swiss"]
[EventCountry "SWE"]
[SourceTitle "playchess.com"]
[Source "ChessBase"]
[SourceQuality "1"]
[TimeControl "900+5"]

1. Nf3 Nf6 2. g3 g6 3. b3 Bg7 4. Bb2 O-O 5. Bg2 c5 6. c4 Nc6 7. O-O b6 8. d4 cxd4 9. Nxd4 Bb7 10. Nc3 Rc8 11. Rc1 Qc7 12. Nd5 Qd8 13. Nb5 Ne8 14. Qd2 a6 15. Bxg7 Kxg7 16. Nbc3 Ba8 17. Rfd1 d6 18. Na4 Rb8 19. Qe3 b5 20. Nab6 e6 21. Nxa8 exd5 22. cxb5 Ne7 23. Nc7 Nxc7 24. Qc3+ Kg8 25. Qxc7 axb5 26. Qxd8 Rfxd8 27. Bxd5 Nxd5 28. Rxd5 Rb6 29. Rc2 b4 30. Ra5 Rbb8 31. Ra4 Rd7 32. Rc4 Rdb7 33. Rd4 Rc8 34. Rdxb4 Rxb4 35. Rxb4 Rc2 36. a4 Rxe2 37. a5 Re7 38. Ra4 d5 39. a6 Ra7 40. b4 d4 41. b5 d3 42. Rd4 1-0

[Event "Cellavision Cup 2018"]
[Site "Lund"]
[Date "2018.08.03"]
[Round "3"]
[White "Cramling, Pia"]
[Black "Schwarz, Dusan"]
[Result "1-0"]
[ECO "D44"]
[WhiteElo "2453"]
[BlackElo "2274"]
[Annotator "ChessBase"]
[PlyCount "51"]
[EventDate "2018.08.03"]
[EventType "swiss"]
[EventCountry "SWE"]
[SourceTitle "playchess.com"]
[Source "ChessBase"]
[SourceQuality "1"]
[TimeControl "900+5"]

1. Nf3 d5 2. d4 Nf6 3. c4 c6 4. Nc3 e6 5. Bg5 dxc4 6. a4 b5 7. axb5 cxb5 8. Nxb5 Qb6 9. Na3 Qxb2 10. Nxc4 Bb4+ 11. Bd2 Bxd2+ 12. Nfxd2 Qxd4 13. e3 Qc5 14. Ra5 Qc7 15. Qa4+ Bd7 16. Qa3 Bc6 17. Nd6+ Kd8 18. Be2 Ne8 19. N2c4 Nxd6 20. Nxd6 Kd7 21. Nxf7 Bxg2 22. Rg1 Nc6 23. Bb5 Rhf8 24. Ne5+ Kc8 25. Ba6+ Kd8 26. Qxf8# 1-0

[Event "Cellavision Cup 2018"]
[Site "Lund"]
[Date "2018.08.03"]
[Round "3"]
[White "Lindberg, Bengt"]
[Black "Torngren, Gustav"]
[Result "1-0"]
[ECO "B27"]
[WhiteElo "2416"]
[BlackElo "2030"]
[Annotator "NA"]
[PlyCount "89"]
[EventDate "2018.08.03"]
[EventType "swiss"]
[EventCountry "SWE"]
[SourceTitle "playchess.com"]
[Source "ChessBase"]
[SourceQuality "1"]
[TimeControl "900+5"]

1. e4 c5 2. Nf3 g6 3. d4 cxd4 4. Nxd4 Bg7 5. c4 Nf6 6. Nc3 Nc6 7. Nc2 O-O 8. Be2 d6 9. O-O a5 10. Na3 Nd7 11. Bd2 Nc5 12. Nab5 f5 13. exf5 Bxf5 14. Be3 Nb4 15. Nd4 Bd7 16. Qd2 Rc8 17. Rad1 Rf7 18. a3 Bxd4 19. Bxd4 Nb3 20. Qg5 Nxd4 21. Rxd4 Nc6 22. Rd2 Ne5 23. b3 Rf5 24. Qe3 Qf8 25. f4 Nf7 26. Nd5 Re8 27. g4 Rxd5 28. cxd5 e5 29. dxe6 Bxe6 30. Qg3 Qg7 31. f5 gxf5 32. gxf5 Qxg3+ 33. hxg3 Bxb3 34. Bh5 d5 35. Re2 Rd8 36. Re7 d4 37. Rxb7 Bd5 38. Re7 Nd6 39. f6 d3 40. Rf4 Bf7 41. Bd1 Rc8 42. Rd4 Nf5 43. Rxd3 Nxe7 44. fxe7 Bg6 45. Rd8+ 1-0

[Event "Cellavision Cup 2018"]
[Site "Lund"]
[Date "2018.08.03"]
[Round "3"]
[White "Malmstig, Erik"]
[Black "Sumets, Andrey"]
[Result "0-1"]
[ECO "A45"]
[WhiteElo "2308"]
[BlackElo "2575"]
[Annotator "ChessBase"]
[PlyCount "94"]
[EventDate "2018.08.03"]
[EventType "swiss"]
[EventCountry "SWE"]
[SourceTitle "playchess.com"]
[Source "ChessBase"]
[SourceQuality "1"]
[TimeControl "900+5"]

1. d4 Nf6 2. Bg5 d5 3. Bxf6 gxf6 4. e3 c5 5. Nd2 e5 6. dxe5 fxe5 7. e4 Bg7 8. Qh5 d4 9. Ngf3 Nc6 10. Bc4 Qe7 11. Ng5 Nd8 12. Bb5+ Kf8 13. O-O h6 14. Nh3 Qe6 15. Be2 Qg6 16. Qxg6 fxg6 17. f4 Bxh3 18. gxh3 Ke7 19. fxe5 Bxe5 20. Nf3 Bf4 21. Bc4 Nc6 22. Bd5 g5 23. Rad1 Rhf8 24. Kg2 Nb4 25. Bb3 Rad8 26. c3 dxc3 27. bxc3 Rxd1 28. Rxd1 Nc6 29. Bd5 Rf6 30. Rb1 b6 31. Re1 Ne5 32. Nxe5 Bxe5 33. c4 Kd6 34. Re2 Bf4 35. a4 Ke5 36. Rf2 Kd4 37. h4 g4 38. e5 Bxe5 39. Rxf6 Bxf6 40. Kg3 Kc3 41. Kxg4 Kb4 42. Kh5 Kxa4 43. Kxh6 Bxh4 44. Kh5 Be1 45. Kg4 Kb3 46. Kf3 a5 47. Ke2 a4 0-1